 Dungeon Crawl Stone Soup version 0.27-a0-1529-g1e82c303ef (webtiles) character file.

Game seed: 3703714569783655820

44 Lanoc the Insei (level 3, 0/26 HPs)
             Began as a Demonspawn Transmuter on July 12, 2021.
             Was a Follower of Vehumet.
             Slain by a ball python (2 damage)
             ... on level 2 of the Dungeon.
             The game lasted 00:01:51 (1569 turns).

Lanoc the Insei (Demonspawn Transmuter)             Turns: 1569, Time: 00:01:51

Health: 0/26       AC:  2    Str: 10    XL:     3   Next: 41%
Magic:  5/6        EV: 12    Int: 15    God:    Vehumet [*.....]
Gold:   62         SH:  5    Dex: 13    Spells: 5/6 levels left

rFire    . . .     SeeInvis .     - Unarmed
rCold    . . .     Faith    .   (no shield)
rNeg     . . .     Spirit   .   a - +0 robe
rPois    .         Reflect  +   (helmet currently unavailable)
rElec    .         Harm     .   (no cloak)
rCorr    .         Rampage  .   (no gloves)
Will     .....                  (boots currently unavailable)
Stlth    +.........             e - amulet of reflection
HPRegen  0.08/turn              d - ring of flight
MPRegen  0.10/turn              (no ring)

@: appendages, flying
A: talons 2, horns 1, demonic guardian 1
a: End Transformation, Renounce Religion


You were on level 2 of the Dungeon.
You worshipped Vehumet.
Vehumet was aware of your devotion.
You had temporarily grown beastly talons.
You visited 1 branch of the dungeon, and saw 2 of its levels.

You collected 62 gold pieces.

Inventory:

Armour
 a - a +0 robe (worn)
Jewellery
 d - a ring of flight (left hand)
 e - an amulet of reflection (around neck)
Scrolls
 b - a scroll of identify {unknown}
 f - a scroll of acquirement {unknown}
 h - a scroll of fog {unknown}
 i - a scroll of amnesia {unknown}
Potions
 c - a potion of heal wounds {unknown}
 g - a potion of attraction {unknown}


   Skills:
 + Level 1.5 Fighting
 + Level 2.1 Dodging
 * Level 3.2 Unarmed Combat
 - Level 2.0 Spellcasting
 * Level 2.5 Transmutations


You had 5 spell levels left.
You knew the following spells:

 Your Spells              Type           Power      Damage    Failure   Level
h - Beastly Appendage     Tmut           18%        N/A       8%          1

Your spell library contained the following spells:

 Spells                   Type           Power      Damage    Failure   Level
 Shock                    Conj/Air       4%         1d3       22%         1
 Wereblood                Tmut           9%         N/A       12%         2
 Spider Form              Tmut/Pois      2%         N/A       36%         3
 Ice Form                 Ice/Tmut       5%         N/A       78%         4


Dungeon Overview and Level Annotations

Branches:
Dungeon (2/15)

Altars:
Vehumet


Innate Abilities, Weirdness & Mutations

You have temporarily grown beastly talons.
You have a pair of small horns on your head.
A weak demonic guardian rushes to your aid.


Message History

You closely miss the ball python.
The hobgoblin shouts!
The ball python bites you. The ball python barely misses you.
The ball python constricts you.
The hobgoblin throws a stone.
The stone hits you.
You are too injured to fight recklessly!
You are too injured to fight recklessly!
You are too injured to fight recklessly!
You are too injured to fight recklessly!
You hit the ball python. You punch the ball python.
You kill the ball python!
Vehumet accepts your kill. The ball python bites you.
The ball python constricts you.
The hobgoblin throws a stone.
The stone hits you.
You escape the ball python's grasp.
The ball python bites you but does no damage.
The ball python closely misses you.
You see here a ball python corpse.
You block the ball python's attack. The ball python misses you.
The ball python closely misses you. The ball python grabs you.
The ball python constricts you. The ball python bites you.
* * * LOW HITPOINT WARNING * * *
A demonic guardian appears!
* * * LOW HITPOINT WARNING * * *
The ball python constricts you.
The ball python bites you but does no damage.
The ball python's grasp on you weakens, but your attempt to escape fails.
Your ufetubus hits the ball python.
The ball python dies!
Vehumet accepts your kill. The ball python bites you.
* * * LOW HITPOINT WARNING * * *
The ball python misses you.
Casting: Beastly Appendage (safe; 8% risk of failure)
Confirm with . or Enter, or press ? or * to list all spells.
Your feet morph into talons.
Your ufetubus barely misses the hobgoblin.
Your ufetubus completely misses the hobgoblin.
The ball python bites you.
You die...

. .........### ..
..###..#...##### ...
#.# #.####.#...# #..
#.# #.# #......
#..###.##..## #....(.
#...........###......
#.5......##......
#.###g....♣..###.....
#...@S†P♣...# ##....
......###.....##
####. .###. ##....#
#. # #....# ##
#....#### #
###.....### #
##..#...#####
.............#
............##..


You could see a hobgoblin, a ball python (ally target) and a friendly ufetubus
(summoned).

Vanquished Creatures
  2 adders (D:2)
  A dart slug (D:2)
  2 ball pythons (D:2)
  A bat (D:1)
  5 endoplasms
  A giant cockroach (D:1)
  4 hobgoblins
  A kobold (D:1)
  A quokka (D:1)
  2 frilled lizards
  A rat (D:1)
21 creatures vanquished.

Vanquished Creatures (collateral kills)
  A ball python (D:2)
1 creature vanquished.

Vanquished Creatures (others)
  2 withered plants (D:1)
2 creatures vanquished.

Grand Total: 24 creatures vanquished

Notes
Turn   | Place    | Note
-------+----------+-------------------------------------------
     0 | D:1      | Lanoc the Demonspawn Transmuter began the quest for the
                  | Orb.
     0 | D:1      | Reached XP level 1. HP: 15/15 MP: 3/3
   145 | D:1      | Found a faded altar of an unknown god.
   200 | D:1      | Became a worshipper of Vehumet
   200 | D:1      | Reached * piety under Vehumet
   200 | D:1      | Offered knowledge of Shock by Vehumet.
   510 | D:1      | Mutation became permanent: You have a pair of small horns
                  | on your head. [demonic ancestry]
   510 | D:1      | Gained mutation: You have a pair of horns on your head.
                  | [demonic ancestry]
   510 | D:1      | Reached XP level 2. HP: 21/21 MP: 3/5
   999 | D:1      | Reached skill level 3 in Unarmed Combat
  1455 | D:2      | Gained mutation: A weak demonic guardian rushes to your
                  | aid. [demonic ancestry]
  1455 | D:2      | Reached XP level 3. HP: 19/26 MP: 6/6
  1569 | D:2      | Slain by a ball python

Illustrated notes

Levels and vault maps discovered:
D:1:      giann_bridges, layout_basic, ebering_ecumenical_altar_petrified
D:2:      layout_rooms, basic_altar, serial_shops,
          nicolae_shop_competitors_out_of_business, serial_park_tiny_2

Skill      XL: |  1  2 |
---------------+-------+-----
Transmutations | 2 |  2.5
Dodging        | 2 |  2.1
Unarmed Combat | 3 |  3.2
Fighting       | |  1.5
Spellcasting   | |  2.0

Action                   || total
-------------------------++-------
Melee: Unarmed           ||    78
       Headbutt          ||     8
       Kick              ||    17
       Punch             ||     1
 Cast: Beastly Appendage ||    15
Armor: Robe              ||    11
Dodge: Dodged            ||    41
Block: Other             ||     8
       Reflection        ||     1

Table legend: (Time is in decaauts)
 A = Elapsed time spent in this place.
 B = Non-inter-level travel time spent in this place.
 C = Inter-level travel time spent in this place.
 D = Time resting spent in this place.
 E = Time spent auto-exploring this place.
 F = Levels seen in this place.
 G = Mean time per level.
                   A        B        C        D        E       F      G
               +--------+--------+--------+--------+--------+-----+--------+
         Total |   1563 |   1542 |     21 |      0 |   1362 |   2 |  781.5 |
       Dungeon |   1563 |   1542 |     21 |      0 |   1362 |   2 |  781.5 |
               +--------+--------+--------+--------+--------+-----+--------+

Top non-repeatable levels by time:
     D:1: 1167 daAuts
     D:2: 396 daAuts
